[Event "Niedersachsen-ch A 2024"]
[Site "Verden Aller"]
[Date "2024.01.06"]
[Round "6.34"]
[White "Vormann, Dirk"]
[Black "Poelig, Juergen"]
[Result "1-0"]
[ECO "D02"]
[WhiteElo "1854"]
[BlackElo "1819"]
[Annotator "NA RC"]
[PlyCount "97"]
[EventDate "2024.01.01"]
[EventType "swiss"]
[EventCountry "GER"]
[SourceTitle "playchess.com"]
[Source "ChessBase"]
[SourceQuality "1"]
[TimeControl "40/5400+30:1800+30"]

1. d4 d5 2. Nf3 e6 3. e3 c5 4. dxc5 Bxc5 5. Bb5+ Nc6 6. O-O Nf6 7. c4 O-O 8. cxd5 exd5 9. Bxc6 bxc6 10. Nc3 Bg4 11. b3 Re8 12. h3 Bh5 13. Bb2 Bd6 14. Ne2 Bxf3 15. gxf3 Nh5 16. f4 Qh4 17. Kg2 Re6 18. Rh1 Rg6+ 19. Kf1 Re8 20. Qd4 Bb8 21. f5 Re4 22. fxg6 Rxd4 23. gxh7+ Kxh7 24. Bxd4 Qe4 25. Rg1 Be5 26. Rg4 Qf5 27. Kg2 Bxd4 28. Nxd4 Qc8 29. b4 c5 30. bxc5 Qxc5 31. Rb1 Qc7 32. Rh4 g6 33. Nf3 Kg7 34. Rhb4 Nf6 35. Rb7 Qc2 36. R1b2 Qa4 37. Ng5 Nd7 38. R2b4 Qc6 39. Nf3 a5 40. R4b5 a4 41. Nd4 Qd6 42. Ra7 Ne5 43. Rbb7 Qa3 44. Nf3 Nxf3 45. Kxf3 Qd3 46. Rxf7+ Kh6 47. Kg3 Qf1 48. Kh2 Kg5 49. f4+ 1-0

[Event "Niedersachsen-ch A 2024"]
[Site "Verden Aller"]
[Date "2024.01.06"]
[Round "6.35"]
[White "Tenne, Fabian"]
[Black "Stiller, Maximilian"]
[Result "0-1"]
[ECO "A07"]
[WhiteElo "1817"]
[BlackElo "1786"]
[Annotator "NA RC"]
[PlyCount "72"]
[EventDate "2024.01.01"]
[EventType "swiss"]
[EventCountry "GER"]
[SourceTitle "playchess.com"]
[Source "ChessBase"]
[SourceQuality "1"]
[TimeControl "40/5400+30:1800+30"]

1. Nf3 Nf6 2. g3 d5 3. Bg2 Bf5 4. d3 e6 5. Nbd2 Be7 6. Nh4 Bg4 7. c3 c6 8. Qc2 Nbd7 9. e4 dxe4 10. dxe4 Nc5 11. O-O Be2 12. Re1 Bd3 13. Qd1 Ba6 14. e5 Nd5 15. Qg4 g5 16. Nhf3 h5 17. Qd4 Nd3 18. Ne4 Nxe1 19. Nxe1 Rg8 20. b3 Qb6 21. Qd2 O-O-O 22. Qc2 g4 23. a3 f5 24. exf6 Nxf6 25. Be3 Qc7 26. Ng5 Qd7 27. Nf7 Rdf8 28. Rd1 Qe8 29. Ne5 Nd5 30. Bxa7 Rf5 31. c4 Rxe5 32. cxd5 exd5 33. Bxd5 Bc5 34. Bxc5 Rxe1+ 35. Kg2 Bf1+ 36. Kg1 Bh3+ 0-1

[Event "Niedersachsen-ch A 2024"]
[Site "Verden Aller"]
[Date "2024.01.06"]
[Round "6.36"]
[White "Stummeyer, Dieter"]
[Black "Trunz, Tamila"]
[Result "1-0"]
[ECO "B42"]
[WhiteElo "1804"]
[BlackElo "1766"]
[Annotator "NA"]
[PlyCount "169"]
[EventDate "2024.01.01"]
[EventType "swiss"]
[EventCountry "GER"]
[SourceTitle "playchess.com"]
[Source "ChessBase"]
[SourceQuality "1"]
[TimeControl "40/5400+30:1800+30"]

1. e4 c5 2. Nf3 e6 3. d4 cxd4 4. Nxd4 Nf6 5. Bd3 Nc6 6. Be3 a6 7. O-O Qc7 8. Nd2 Be7 9. Rc1 O-O 10. c4 b6 11. Bb1 Bb7 12. N2b3 Rad8 13. f3 Ne5 14. Qc2 Rc8 15. Nd2 Qb8 16. h3 b5 17. b3 Ba3 18. Rcd1 Bb4 19. Rfe1 bxc4 20. f4 Ng6 21. bxc4 Bxd2 22. Bxd2 Qa7 23. Bb4 Rfe8 24. Kh2 e5 25. Nf5 a5 26. Ba3 Bxe4 27. Rxe4 Nxe4 28. Qxe4 exf4 29. Qd4 Qxd4 30. Rxd4 Re1 31. Nd6 Rb8 32. Bxg6 hxg6 33. Rxf4 f6 34. Nb5 Re2 35. Bd6 Rbe8 36. a3 Rc2 37. Rg4 g5 38. Nc7 Ree2 39. Nd5 Kf7 40. Bc7 a4 41. Bd6 Rcd2 42. Bb4 Rd3 43. h4 gxh4 44. Rxh4 Rb3 45. Nb6 g5 46. Rg4 Kg6 47. Nxa4 Rd3 48. Nc5 Rd1 49. Nb3 Re3 50. Nd2 Ree1 51. Nf3 Rf1 52. Bc5 Kh5 53. Kg3 d6 54. Bb6 Kg6 55. a4 Ra1 56. a5 Ra3 57. Bc7 Kh6 58. Bd8 Kg6 59. Kh2 Kh5 60. Kg3 Rg1 61. Rd4 Rc1 62. Bxf6 Rxa5 63. Bxg5 Rxg5+ 64. Nxg5 Kxg5 65. Kf3 Rc3+ 66. Ke4 Rc2 67. Kd5 Rxg2 68. Kxd6 Kf5 69. Rd5+ Kf6 70. c5 Rg8 71. Kc7 Ke6 72. Rd6+ Ke7 73. c6 Ra8 74. Rd7+ Ke8 75. Kb7 Ra3 76. Rd5 Rb3+ 77. Kc8 Rc3 78. c7 Ke7 79. Kb7 Rb3+ 80. Kc8 Rc3 81. Rd7+ Ke8 82. Rd6 Ke7 83. Rb6 Rc4 84. Kb8 Kd7 85. Rb7 1-0

[Event "Niedersachsen-ch A 2024"]
[Site "Verden Aller"]
[Date "2024.01.07"]
[Round "7.1"]
[White "Lichtmannecker, Daniel"]
[Black "Hoellmann, Ludger"]
[Result "1/2-1/2"]
[ECO "B13"]
[WhiteElo "2124"]
[BlackElo "2015"]
[Annotator "RC"]
[PlyCount "79"]
[EventDate "2024.01.01"]
[EventType "swiss"]
[EventCountry "GER"]
[SourceTitle "playchess.com"]
[Source "ChessBase"]
[SourceQuality "1"]
[TimeControl "40/5400+30:1800+30"]

1. d4 Nf6 2. Nc3 d5 3. Bf4 c5 4. e3 cxd4 5. exd4 Bg4 6. f3 Bd7 7. Nb5 Bxb5 8. Bxb5+ Nc6 9. c3 a6 10. Bd3 e6 11. Ne2 Bd6 12. Qd2 Rc8 13. O-O O-O 14. Rfe1 Re8 15. Rad1 Na5 16. b3 b5 17. Bb1 Bxf4 18. Nxf4 Qc7 19. Rc1 Nc6 20. Kh1 Red8 21. Nd3 Nd7 22. f4 Re8 23. Re3 Nf8 24. Rce1 b4 25. cxb4 Nxd4 26. Nc5 Qxf4 27. Rd3 Qxd2 28. Rxd2 e5 29. Nxa6 f6 30. b5 Nxb5 31. Rxd5 Nc3 32. Rc5 Nxb1 33. Rxb1 Ne6 34. Rxc8 Rxc8 35. b4 Rc2 36. a4 Ra2 37. a5 Kf7 38. Nb8 Nd4 39. Kg1 Ke6 40. Na6 1/2-1/2

[Event "Niedersachsen-ch A 2024"]
[Site "Verden Aller"]
[Date "2024.01.07"]
[Round "7.2"]
[White "Stotyn, Fabian"]
[Black "Hebbinghaus, Holger"]
[Result "0-1"]
[ECO "B13"]
[WhiteElo "2139"]
[BlackElo "2164"]
[Annotator "RC"]
[PlyCount "56"]
[EventDate "2024.01.01"]
[EventType "swiss"]
[EventCountry "GER"]
[SourceTitle "playchess.com"]
[Source "ChessBase"]
[SourceQuality "1"]
[TimeControl "40/5400+30:1800+30"]

1. e4 c6 2. d4 d5 3. exd5 cxd5 4. Bd3 Nc6 5. Ne2 Bg4 6. c3 Qc7 7. f3 Bd7 8. Bf4 e5 9. dxe5 Nxe5 10. Bc2 Nf6 11. Nd2 Bd6 12. Bg5 O-O-O 13. Nb3 Nc4 14. Qd4 Kb8 15. O-O-O Rhe8 16. Ng3 Be5 17. Qd3 h6 18. Bxf6 Bxf6 19. Rde1 g6 20. Kb1 Bb5 21. Rxe8 Rxe8 22. Ka1 Ba6 23. Qxd5 Nxb2 24. Nc5 Bxc3 25. Nxa6+ bxa6 26. Rb1 Qb6 27. a3 Nd3+ 28. Ka2 Nc1+ 0-1

[Event "Niedersachsen-ch A 2024"]
[Site "Verden Aller"]
[Date "2024.01.07"]
[Round "7.3"]
[White "Peters, Tom"]
[Black "Schulz, Jens"]
[Result "1-0"]
[ECO "B61"]
[WhiteElo "2102"]
[BlackElo "2152"]
[Annotator "RC"]
[PlyCount "45"]
[EventDate "2024.01.01"]
[EventType "swiss"]
[EventCountry "GER"]
[SourceTitle "playchess.com"]
[Source "ChessBase"]
[SourceQuality "1"]
[TimeControl "40/5400+30:1800+30"]

1. e4 c5 2. Nf3 Nc6 3. d4 cxd4 4. Nxd4 Nf6 5. Nc3 d6 6. Bg5 Bd7 7. Qd2 Rc8 8. f4 Nxd4 9. Qxd4 Qa5 10. e5 dxe5 11. fxe5 e6 12. O-O-O Bc6 13. Nb5 Bxb5 14. exf6 Bc6 15. h4 g6 16. Bc4 Qc5 17. Bxe6 Qxd4 18. Bxc8 Bc5 19. Rxd4 Bxd4 20. Rd1 Bb6 21. Bh6 Rg8 22. Re1+ Kd8 23. Be6 1-0

[Event "Niedersachsen-ch A 2024"]
[Site "Verden Aller"]
[Date "2024.01.07"]
[Round "7.4"]
[White "Loecken, Siegfried"]
[Black "Celik, Abdullah"]
[Result "0-1"]
[ECO "B20"]
[WhiteElo "2014"]
[BlackElo "2081"]
[Annotator "NA RC"]
[PlyCount "33"]
[EventDate "2024.01.01"]
[EventType "swiss"]
[EventCountry "GER"]
[SourceTitle "playchess.com"]
[Source "ChessBase"]
[SourceQuality "1"]
[TimeControl "40/5400+30:1800+30"]

1. e4 c5 2. d3 Nc6 3. g3 g6 4. Bg2 Bg7 5. Ne2 d6 6. O-O e6 7. c3 Nge7 8. Nd2 O-O 9. Nf3 e5 10. a4 d5 11. exd5 Nxd5 12. d4 exd4 13. cxd4 c4 14. Qc2 Bf5 15. Qxc4 Na5 16. Qc5 Nb3 17. Bg5 0-1

[Event "Niedersachsen-ch A 2024"]
[Site "Verden Aller"]
[Date "2024.01.07"]
[Round "7.5"]
[White "Ahlbrecht, Malte"]
[Black "Jacobi, Felix-Hagen"]
[Result "1-0"]
[ECO "A44"]
[WhiteElo "1727"]
[BlackElo "2056"]
[Annotator "RC"]
[PlyCount "173"]
[EventDate "2024.01.01"]
[EventType "swiss"]
[EventCountry "GER"]
[SourceTitle "playchess.com"]
[Source "ChessBase"]
[SourceQuality "1"]
[TimeControl "40/5400+30:1800+30"]

1. d4 c5 2. d5 e5 3. e4 d6 4. Bb5+ Bd7 5. a4 Na6 6. Nf3 Be7 7. Be3 Nc7 8. Bxd7+ Qxd7 9. c4 Nf6 10. Qd3 Na6 11. Nc3 Nb4 12. Qb1 a5 13. Nb5 O-O-O 14. h3 h6 15. Bd2 b6 16. Bxb4 cxb4 17. Qd3 Kb7 18. Rc1 Qc8 19. Nd2 Nd7 20. Nb3 Nc5 21. Nxc5+ bxc5 22. Qg3 Bg5 23. Rd1 f5 24. h4 f4 25. Qh3 Be7 26. Rd3 Rdg8 27. Rf3 g5 28. hxg5 Rxg5 29. Qxc8+ Kxc8 30. Na7+ Kd7 31. Kf1 Rg6 32. Nc6 Bg5 33. b3 Ra8 34. g3 Ke8 35. gxf4 Bxf4 36. Rg1 Kf7 37. Rxg6 Kxg6 38. Ne7+ Kg5 39. Nf5 Rd8 40. Rh3 Kg6 41. Kg2 Rd7 42. Kf3 Bg5 43. Kg4 Rd8 44. Rh5 Rd7 45. Rh3 Rd8 46. Rg3 Rd7 47. Kh3 Kf6 48. Rf3 Kg6 49. Kg3 Rd8 50. Kg4 Rd7 51. Ng3 Rd8 52. Rf5 Rg8 53. Nh5 Be7 54. Kh3 Bg5 55. Ng3 Bf4 56. Ne2 Bg5 57. Rf3 Kg7 58. Ng3 Kg6 59. Nf5 Rd8 60. Rg3 Kf6 61. Rg4 Rd7 62. Kg2 Kg6 63. Rg3 Kf6 64. Kh3 Rd8 65. Kg4 Kg6 66. Rg1 Rd7 67. Kh3 Kf6 68. Rg2 Rd8 69. Kg4 Kg6 70. Rg3 Rd7 71. Rf3 Bf4 72. Nh4+ Kf6 73. Kh5 Rg7 74. Nf5 Rd7 75. Rh3 Rd8 76. Rh1 Bg5 77. Rg1 Rd7 78. Nxh6 Bxh6 79. Rg6+ Ke7 80. Kxh6 Rd8 81. Kg7 Ra8 82. Re6+ Kd7 83. Rf6 Re8 84. Rf7+ Re7 85. Kg6 Kd8 86. Rxe7 Kxe7 87. Kg7 1-0

[Event "Niedersachsen-ch A 2024"]
[Site "Verden Aller"]
[Date "2024.01.07"]
[Round "7.6"]
[White "Martin, Dennis"]
[Black "Kieselbach, Jannik"]
[Result "0-1"]
[ECO "E15"]
[WhiteElo "1991"]
[BlackElo "1885"]
[Annotator "NA RC"]
[PlyCount "24"]
[EventDate "2024.01.01"]
[EventType "swiss"]
[EventCountry "GER"]
[SourceTitle "playchess.com"]
[Source "ChessBase"]
[SourceQuality "1"]
[TimeControl "40/5400+30:1800+30"]

1. d4 Nf6 2. c4 e6 3. Nf3 b6 4. g3 Ba6 5. Qc2 c5 6. Bg2 Nc6 7. e3 cxd4 8. exd4 Nb4 9. Qb3 Bxc4 10. Qxc4 Rc8 11. Qe2 Rxc1+ 12. Kd2 Rc2+ 0-1

[Event "Niedersachsen-ch A 2024"]
[Site "Verden Aller"]
[Date "2024.01.07"]
[Round "7.7"]
[White "Kiesel, Lucas"]
[Black "Sickmann, Lisa"]
[Result "1-0"]
[ECO "D37"]
[WhiteElo "1987"]
[BlackElo "1961"]
[Annotator "RC"]
[PlyCount "119"]
[EventDate "2024.01.01"]
[EventType "swiss"]
[EventCountry "GER"]
[SourceTitle "playchess.com"]
[Source "ChessBase"]
[SourceQuality "1"]
[TimeControl "40/5400+30:1800+30"]

1. d4 d5 2. c4 e6 3. Nf3 Nf6 4. Nc3 Be7 5. Bf4 O-O 6. e3 b6 7. Qc2 c5 8. dxc5 bxc5 9. Rd1 Bb7 10. Bd3 Nbd7 11. O-O Rc8 12. h3 h6 13. Be2 Qb6 14. Ne5 Rfd8 15. Rd2 Nxe5 16. Bxe5 Bc6 17. Rfd1 Qb7 18. cxd5 exd5 19. Bf3 Nd7 20. Bg3 Nb6 21. b3 d4 22. Bxc6 Qxc6 23. Ne2 dxe3 24. Rxd8+ Rxd8 25. Rxd8+ Bxd8 26. fxe3 Bf6 27. Bf2 c4 28. bxc4 Qxc4 29. Qxc4 Nxc4 30. Nd4 Kf8 31. Kf1 a6 32. Ke2 Ke7 33. Kd3 Nd6 34. Bg3 Kd7 35. e4 Nb5 36. e5 Nxd4 37. exf6 Nf5 38. fxg7 Nxg7 39. Bf4 h5 40. Kd4 f6 41. Kd5 Nf5 42. Kc5 Nh4 43. g3 Nf3 44. Kb6 h4 45. Kxa6 Kc6 46. a4 hxg3 47. Bxg3 f5 48. h4 f4 49. Bf2 Nh2 50. h5 Ng4 51. Bg1 Kc7 52. Kb5 f3 53. a5 f2 54. Bxf2 Nxf2 55. h6 Ne4 56. h7 Nd6+ 57. Kc5 Nf7 58. Kd4 Kb7 59. Ke3 Ka6 60. Kf4 1-0

[Event "Niedersachsen-ch A 2024"]
[Site "Verden Aller"]
[Date "2024.01.07"]
[Round "7.8"]
[White "Drygala, Lars"]
[Black "Koch, Yannick"]
[Result "0-1"]
[ECO "D02"]
[WhiteElo "1869"]
[BlackElo "1981"]
[Annotator "RC"]
[PlyCount "90"]
[EventDate "2024.01.01"]
[EventType "swiss"]
[EventCountry "GER"]
[SourceTitle "playchess.com"]
[Source "ChessBase"]
[SourceQuality "1"]
[TimeControl "40/5400+30:1800+30"]

1. d4 Nf6 2. Bf4 d5 3. e3 e6 4. Nf3 Bd6 5. Bg3 O-O 6. Bd3 c5 7. c3 Qc7 8. Ne5 Nc6 9. f4 Ne7 10. O-O Nf5 11. Bf2 Be7 12. Nd2 b6 13. Qf3 Bb7 14. Qh3 Ne4 15. g4 Nfd6 16. Bh4 f6 17. Nef3 Rae8 18. g5 Bc8 19. Qg2 Nf5 20. gxf6 Nxf6 21. Bxf5 exf5 22. Ne5 Be6 23. Kh1 Ne4 24. Bxe7 Qxe7 25. Nxe4 fxe4 26. Rf2 cxd4 27. cxd4 Rc8 28. Raf1 Bf5 29. Rc2 Bh3 30. Qxh3 Rxc2 31. Rg1 Rfc8 32. Qh5 Rc1 33. Ng4 Rxg1+ 34. Kxg1 Qf7 35. Qg5 Kh8 36. Ne5 Qc7 37. Kg2 Rf8 38. Qh5 Kg8 39. Ng4 Qd6 40. f5 a6 41. f6 Kh8 42. f7 g6 43. Qg5 Rxf7 44. Ne5 Rf8 45. Ng4 Qe6 0-1

[Event "Niedersachsen-ch A 2024"]
[Site "Verden Aller"]
[Date "2024.01.07"]
[Round "7.9"]
[White "Soellig, Martin"]
[Black "Seer, Maurice"]
[Result "1-0"]
[ECO "C60"]
[WhiteElo "1892"]
[BlackElo "1912"]
[Annotator "NA RC"]
[PlyCount "75"]
[EventDate "2024.01.01"]
[EventType "swiss"]
[EventCountry "GER"]
[SourceTitle "playchess.com"]
[Source "ChessBase"]
[SourceQuality "1"]
[TimeControl "40/5400+30:1800+30"]

1. e4 e5 2. Nf3 Nc6 3. Bb5 Nge7 4. c3 g6 5. d3 Bg7 6. Bg5 h6 7. Be3 a6 8. Ba4 O-O 9. O-O b5 10. Bb3 d6 11. Nbd2 Na5 12. Bc2 c5 13. h3 Nac6 14. Nh2 f5 15. f4 exf4 16. Rxf4 Be5 17. Rf1 f4 18. Bf2 Kh7 19. Ndf3 Bg7 20. Qe2 Qc7 21. Rad1 Ne5 22. d4 Nxf3+ 23. Nxf3 Be6 24. d5 Bc8 25. e5 Bf5 26. Rfe1 Bxc2 27. Qxc2 Nf5 28. exd6 Nxd6 29. Re6 Rf6 30. Nh4 Kg8 31. Rxf6 Bxf6 32. Qxg6+ Qg7 33. Re1 Bxh4 34. Qe6+ Qf7 35. Bxh4 Re8 36. Qxd6 Rxe1+ 37. Bxe1 h5 38. Qe6 1-0

[Event "Niedersachsen-ch A 2024"]
[Site "Verden Aller"]
[Date "2024.01.07"]
[Round "7.10"]
[White "Boerma, Daniel"]
[Black "Carlstedt, Jonathan"]
[Result "0-1"]
[ECO "B76"]
[WhiteElo "1905"]
[BlackElo "2447"]
[Annotator "RC"]
[PlyCount "80"]
[EventDate "2024.01.01"]
[EventType "swiss"]
[EventCountry "GER"]
[SourceTitle "playchess.com"]
[Source "ChessBase"]
[SourceQuality "1"]
[TimeControl "40/5400+30:1800+30"]

1. e4 c5 2. Nf3 d6 3. d4 cxd4 4. Nxd4 Nf6 5. Nc3 g6 6. Be3 Bg7 7. f3 Nc6 8. Qd2 O-O 9. g4 Nxd4 10. Bxd4 Be6 11. h4 Qa5 12. h5 Rac8 13. hxg6 fxg6 14. Qh2 Rf7 15. a3 a6 16. O-O-O b5 17. Nd5 Bxd5 18. exd5 b4 19. Qd2 Qa4 20. Qd3 Nxd5 21. Rh2 bxa3 22. b3 Qxd4 23. Qxd4 a2 24. Qxg7+ Kxg7 25. Kb2 Ne3 26. Ra1 Rxf3 27. Bxa6 Rc5 28. Rxa2 Nxg4 29. Rg2 Ne3 30. Rh2 Nd1+ 31. Kc1 Nc3 32. Ra1 d5 33. Kb2 d4 34. Bc4 Rc7 35. Ra8 h5 36. Rg2 Rf6 37. Rd8 Nd1+ 38. Kc1 Ne3 39. Rd2 Rxc4 40. bxc4 Rf1+ 0-1

[Event "Niedersachsen-ch A 2024"]
[Site "Verden Aller"]
[Date "2024.01.07"]
[Round "7.11"]
[White "Kelemen, Alexander"]
[Black "Lau, Udo"]
[Result "1/2-1/2"]
[ECO "B08"]
[WhiteElo "1817"]
[BlackElo "2071"]
[Annotator "NA RC"]
[PlyCount "77"]
[EventDate "2024.01.01"]
[EventType "swiss"]
[EventCountry "GER"]
[SourceTitle "playchess.com"]
[Source "ChessBase"]
[SourceQuality "1"]
[TimeControl "40/5400+30:1800+30"]

1. e4 c6 2. d4 d6 3. Nc3 Nf6 4. Nf3 g6 5. Bg5 Bg7 6. Qd2 h6 7. Be3 Na6 8. h3 Be6 9. Bxa6 bxa6 10. O-O Qc8 11. Rfe1 g5 12. d5 Bd7 13. e5 dxe5 14. Nxe5 cxd5 15. Nxd5 Nxd5 16. Qxd5 Be6 17. Qe4 O-O 18. Bd4 Re8 19. c3 Rb8 20. b3 Rb7 21. h4 Bf5 22. Qe2 gxh4 23. Qh5 f6 24. Nc4 Rf8 25. Qxh4 Bg6 26. Qg3 Qf5 27. Ne3 Qg5 28. Qxg5 hxg5 29. Nd5 Kf7 30. Rad1 Rc8 31. c4 a5 32. Nc3 e5 33. Be3 Bf8 34. Nb5 a6 35. Nd6+ Bxd6 36. Rxd6 a4 37. Rxa6 axb3 38. axb3 Rxb3 39. Rc1 1/2-1/2

[Event "Niedersachsen-ch A 2024"]
[Site "Verden Aller"]
[Date "2024.01.07"]
[Round "7.12"]
[White "Witthaus, Joerg"]
[Black "Ay, Furkan"]
[Result "1-0"]
[ECO "D93"]
[WhiteElo "2029"]
[BlackElo "1544"]
[Annotator "NA RC"]
[PlyCount "41"]
[EventDate "2024.01.01"]
[EventType "swiss"]
[EventCountry "GER"]
[SourceTitle "playchess.com"]
[Source "ChessBase"]
[SourceQuality "1"]
[TimeControl "40/5400+30:1800+30"]

1. d4 Nf6 2. Nf3 g6 3. c4 Bg7 4. Nc3 d5 5. Bf4 O-O 6. e3 c5 7. dxc5 Ne4 8. Be5 Bxe5 9. Nxe5 Qa5 10. Rc1 Nxc3 11. Rxc3 Na6 12. a3 dxc4 13. Bxc4 Qc7 14. Qd4 e6 15. b4 Rd8 16. Qf4 b6 17. c6 Nb8 18. Be2 f6 19. Nxg6 Qxf4 20. Nxf4 Rd6 21. Bf3 1-0

[Event "Niedersachsen-ch A 2024"]
[Site "Verden Aller"]
[Date "2024.01.07"]
[Round "7.13"]
[White "Harms, Friedjof"]
[Black "Trunz, Michelle"]
[Result "1/2-1/2"]
[ECO "B23"]
[WhiteElo "1844"]
[BlackElo "2023"]
[Annotator "RC"]
[PlyCount "55"]
[EventDate "2024.01.01"]
[EventType "swiss"]
[EventCountry "GER"]
[SourceTitle "playchess.com"]
[Source "ChessBase"]
[SourceQuality "1"]
[TimeControl "40/5400+30:1800+30"]

1. e4 c5 2. Nc3 Nc6 3. f4 g6 4. Nf3 Bg7 5. Bb5 Nd4 6. O-O Nxb5 7. Nxb5 d5 8. exd5 a6 9. Nc3 Nf6 10. d4 Nxd5 11. dxc5 Nxc3 12. Qxd8+ Kxd8 13. bxc3 Bxc3 14. Rb1 f6 15. Bb2 Bxb2 16. Rxb2 Kc7 17. c3 Bd7 18. Re1 Rhe8 19. Rbe2 Kd8 20. Nd4 Rc8 21. c6 bxc6 22. Rd2 Kc7 23. Rde2 e6 24. Nxe6+ Bxe6 25. Rxe6 Kd7 26. Rxe8 Rxe8 27. Rxe8 Kxe8 28. Kf2 1/2-1/2

[Event "Niedersachsen-ch A 2024"]
[Site "Verden Aller"]
[Date "2024.01.07"]
[Round "7.14"]
[White "Nielsen, Lars Aaes"]
[Black "Heirich, Andreas"]
[Result "1-0"]
[ECO "B18"]
[WhiteElo "2202"]
[BlackElo "1925"]
[Annotator "RC"]
[PlyCount "141"]
[EventDate "2024.01.01"]
[EventType "swiss"]
[EventCountry "GER"]
[SourceTitle "playchess.com"]
[Source "ChessBase"]
[SourceQuality "1"]
[TimeControl "40/5400+30:1800+30"]

1. e4 c6 2. d4 d5 3. Nc3 dxe4 4. Nxe4 Bf5 5. Ng3 Bg6 6. Nf3 h6 7. Bd3 Bxd3 8. Qxd3 e6 9. O-O Nf6 10. Bd2 Bd6 11. Rad1 O-O 12. c4 Qc7 13. Bc3 Nbd7 14. Rfe1 Rad8 15. Qc2 Rfe8 16. Nf1 Nf8 17. g3 b5 18. c5 Be7 19. Ne3 Nd5 20. Nxd5 Rxd5 21. a4 a6 22. Ra1 Qb7 23. b4 Ra8 24. Ra3 Bf6 25. Rea1 Rc8 26. axb5 axb5 27. Ra7 Qb8 28. Qa2 Rd7 29. Rxd7 Nxd7 30. Qa7 Qxa7 31. Rxa7 Nf8 32. Nd2 Ng6 33. Ne4 Be7 34. f4 f5 35. Nd2 Bf6 36. Kf2 Ne7 37. Ke2 Kf8 38. h4 g5 39. fxg5 hxg5 40. hxg5 Bxg5 41. Nf3 Bf6 42. Bd2 Ke8 43. Bg5 Bxg5 44. Nxg5 Nd5 45. Nxe6 Nxb4 46. Ng7+ Kf8 47. Nxf5 Nd5 48. Rb7 Re8+ 49. Kf3 Re1 50. Kg4 Ne3+ 51. Kg5 Nxf5 52. Kxf5 Rd1 53. Ke5 Rg1 54. Kd6 Rd1 55. Kxc6 Rxd4 56. Rxb5 Ke8 57. Rb8+ Ke7 58. Rg8 Kf7 59. Rg5 Ke6 60. Rg6+ Ke7 61. Rd6 Rg4 62. Rd3 Rb4 63. Kc7 Re4 64. c6 Rb4 65. Re3+ Kf7 66. Kc8 Rc4 67. c7 Rb4 68. Kd7 Rd4+ 69. Kc6 Rc4+ 70. Kd6 Kf8 71. Re5 1-0

[Event "Niedersachsen-ch A 2024"]
[Site "Verden Aller"]
[Date "2024.01.07"]
[Round "7.15"]
[White "Bulygin, Anton"]
[Black "ter Stal, Lars"]
[Result "1-0"]
[ECO "A36"]
[WhiteElo "2040"]
[BlackElo "1770"]
[Annotator "NA RC"]
[PlyCount "83"]
[EventDate "2024.01.01"]
[EventType "swiss"]
[EventCountry "GER"]
[SourceTitle "playchess.com"]
[Source "ChessBase"]
[SourceQuality "1"]
[TimeControl "40/5400+30:1800+30"]

1. e4 c5 2. c4 Nc6 3. Nc3 g6 4. g3 Bg7 5. Bg2 d6 6. h3 e6 7. Nge2 Nge7 8. d3 Nd4 9. O-O Nec6 10. Be3 O-O 11. Qd2 Bd7 12. Bh6 Rb8 13. Bxg7 Kxg7 14. Nxd4 cxd4 15. Ne2 e5 16. f4 f5 17. exf5 Bxf5 18. g4 Bd7 19. Ng3 Qe7 20. Ne4 Kh8 21. Rf2 b5 22. b3 bxc4 23. bxc4 Nb4 24. a3 Na6 25. Raf1 Nc5 26. f5 gxf5 27. gxf5 Nxe4 28. Bxe4 Qh4 29. Kh2 Rg8 30. Rg2 Rxg2+ 31. Qxg2 Rg8 32. Qf3 Be8 33. Qf2 Qxf2+ 34. Rxf2 Rf8 35. Rg2 Rg8 36. Rb2 Kg7 37. Rb7+ Kf6 38. Rxh7 Kg5 39. Kg3 Ba4 40. Rxa7 Bd1 41. Rd7 Ra8 42. Bxa8 1-0

[Event "Niedersachsen-ch A 2024"]
[Site "Verden Aller"]
[Date "2024.01.07"]
[Round "7.16"]
[White "Aden, Dagmar"]
[Black "Miljkovic, Jovana"]
[Result "0-1"]
[ECO "B50"]
[WhiteElo "1766"]
[BlackElo "2035"]
[Annotator "RC"]
[PlyCount "88"]
[EventDate "2024.01.01"]
[EventType "swiss"]
[EventCountry "GER"]
[SourceTitle "playchess.com"]
[Source "ChessBase"]
[SourceQuality "1"]
[TimeControl "40/5400+30:1800+30"]

1. Nf3 c5 2. e4 d6 3. c3 Nf6 4. d3 Nc6 5. Be2 e5 6. Bg5 Be7 7. Na3 d5 8. Bxf6 Bxf6 9. O-O O-O 10. Nc2 d4 11. c4 Be6 12. Nfe1 Qd7 13. f4 exf4 14. Rxf4 Be5 15. Rf1 a6 16. Nf3 Bf6 17. Qd2 Qc7 18. b4 b6 19. bxc5 bxc5 20. Rab1 Rab8 21. Ng5 Be5 22. Nf3 Bf4 23. Qe1 Rxb1 24. Qxb1 Rb8 25. Qa1 Nb4 26. Nxb4 Rxb4 27. Rb1 Rxb1+ 28. Qxb1 Bg4 29. h3 Be3+ 30. Kf1 Bxh3 31. Ng1 Be6 32. Nf3 h6 33. Qe1 Qb8 34. Bd1 Qb1 35. Qe2 Bg4 36. Qc2 Qb8 37. Qe2 h5 38. Qe1 Qb1 39. Qe2 g5 40. Qc2 Qb8 41. Qe2 h4 42. Qe1 h3 43. gxh3 Bxh3+ 44. Ke2 Qb2+ 0-1

[Event "Niedersachsen-ch A 2024"]
[Site "Verden Aller"]
[Date "2024.01.07"]
[Round "7.17"]
[White "Monnerjahn, Lukas"]
[Black "Weigand, Anton"]
[Result "0-1"]
[ECO "E05"]
[WhiteElo "1856"]
[BlackElo "2013"]
[Annotator "NA RC"]
[PlyCount "50"]
[EventDate "2024.01.01"]
[EventType "swiss"]
[EventCountry "GER"]
[SourceTitle "playchess.com"]
[Source "ChessBase"]
[SourceQuality "1"]
[TimeControl "40/5400+30:1800+30"]

1. d4 d5 2. c4 e6 3. Nf3 Nf6 4. g3 Be7 5. Bg2 O-O 6. O-O dxc4 7. Qc2 b6 8. Ne5 Qxd4 9. Bxa8 Qxe5 10. Bf4 Qh5 11. Bg2 e5 12. Bc1 Be6 13. b3 Na6 14. bxc4 Nb4 15. Qb2 Bxc4 16. Nc3 Rd8 17. h3 Bc5 18. Be3 Be7 19. Rfd1 Nbd5 20. Nxd5 Nxd5 21. g4 Qg6 22. Qxe5 Bf6 23. Qg3 Bxa1 24. Rxa1 Nxe3 25. Qxe3 Qe6 0-1

[Event "Niedersachsen-ch A 2024"]
[Site "Verden Aller"]
[Date "2024.01.07"]
[Round "7.18"]
[White "Burnus, Finn Crispin"]
[Black "Stoy, Ulf"]
[Result "1/2-1/2"]
[ECO "A42"]
[WhiteElo "1655"]
[BlackElo "1985"]
[Annotator "RC"]
[PlyCount "84"]
[EventDate "2024.01.01"]
[EventType "swiss"]
[EventCountry "GER"]
[SourceTitle "playchess.com"]
[Source "ChessBase"]
[SourceQuality "1"]
[TimeControl "40/5400+30:1800+30"]

1. d4 g6 2. c4 Bg7 3. Nc3 d6 4. e4 Nc6 5. Be3 e5 6. d5 Nd4 7. Nge2 c5 8. dxc6 bxc6 9. Nxd4 exd4 10. Bxd4 Nf6 11. Be2 O-O 12. O-O Rb8 13. b3 c5 14. Bxf6 Bxf6 15. Rc1 a6 16. Qd2 Bb7 17. Nd5 Bd4 18. Bd3 Bxd5 19. cxd5 Qh4 20. g3 Qh3 21. Kh1 Rfe8 22. Rfe1 a5 23. f4 Rb4 24. Bc4 a4 25. Re2 axb3 26. axb3 f6 27. Qa2 Qd7 28. Qa6 Rbb8 29. Kg2 Kg7 30. Rcc2 Rec8 31. Ra2 Rc7 32. Ra4 Rbb7 33. Rea2 Qe7 34. Kf3 h5 35. R4a3 Qd7 36. Ra5 Qg4+ 37. Kg2 h4 38. Be2 h3+ 39. Kf1 Qd7 40. Qc4 Qe7 41. Bf3 Rb4 42. Qd3 Rcb7 1/2-1/2

[Event "Niedersachsen-ch A 2024"]
[Site "Verden Aller"]
[Date "2024.01.07"]
[Round "7.19"]
[White "Kiesel, Harald"]
[Black "Moeller, Jonas"]
[Result "0-1"]
[ECO "C54"]
[WhiteElo "1975"]
[BlackElo "1836"]
[Annotator "RC"]
[PlyCount "56"]
[EventDate "2024.01.01"]
[EventType "swiss"]
[EventCountry "GER"]
[SourceTitle "playchess.com"]
[Source "ChessBase"]
[SourceQuality "1"]
[TimeControl "40/5400+30:1800+30"]

1. e4 e5 2. Nf3 Nc6 3. Bc4 Bc5 4. O-O Nf6 5. d3 O-O 6. a4 a6 7. Nbd2 Ba7 8. h3 d6 9. c3 Ne7 10. Re1 Ng6 11. Nf1 c6 12. Bb3 Be6 13. Bxe6 fxe6 14. Be3 Nh5 15. Bxa7 Rxa7 16. g3 Qf6 17. N1d2 Raa8 18. Kh2 Rf7 19. Rf1 Raf8 20. Qe2 Qe7 21. Rad1 h6 22. a5 Nf6 23. Rde1 Nh7 24. b4 Ng5 25. Nxg5 Qxg5 26. c4 h5 27. Qe3 Qxe3 28. fxe3 Rf2+ 0-1